 Dungeon Crawl Stone Soup version 0.28.0 (webtiles) character file.

Game seed: 9515726965700099169

15243 croobank the Thaumaturge (level 11, -2/82 HPs)
             Began as a Red Draconian Transmuter on Feb 16, 2022.
             Was a High Priest of Ashenzari.
             Slain by a blink frog (9 damage)
             ... on level 2 of the Lair of Beasts.
             The game lasted 01:09:45 (13660 turns).

croobank the Thaumaturge (DrTm)                    Turns: 13660, Time: 01:09:46

Health: -2/82      AC: 12    Str: 11    XL:     11   Next: 99%
Magic:  0/36       EV: 13    Int: 17    God:    Ashenzari [*****.]
Gold:   572        SH:  0    Dex: 12    Spells: 2/35 levels left

rFire   + . .      SeeInvis +   e - +1 morningstar "Share My Abstinence" {protect, Elem, Evo} (curse)
rCold   . . .      Faith    .   (no shield)
rNeg    . . .      Spirit   +   (armour unavailable)
rPois   .          Reflect  .   (helmet restricted)
rElec   .          Harm     .   I - scarf of Ashenzari's Servitude {shadows, Self, Comp} (curse)
rCorr   .          Rampage  .   h - +3 pair of gauntlets of War {Slay+5, Range, Bglg} (curse)
Will    .....      Clarity  +   N - +0 pair of boots "Bound Together" {Bglg, Elem} (curse)
Stlth   +.........              j - amulet of the Enlightened Repose {Spirit, Bglg, Elem} (curse)
HPRegen 0.23/turn               g - ring of Curses and Power {MP+9, Bglg, Alch} (curse)
MPRegen 0.25/turn               C - ring of the Celestial Disgust {Fly, Comp, Bglg} (curse)

@: flying, invisible
A: breathe fire, AC +7, unfitting armour, fire resistance 1, cold-blooded, weak
1
a: Breathe Fire, Renounce Religion, Shatter the Chains


You were on level 2 of the Lair of Beasts.
You worshipped Ashenzari.
Ashenzari was extremely pleased with you.
You visited 3 branches of the dungeon, and saw 14 of its levels.

You collected 572 gold pieces.

Inventory:

Hand Weapons
 e - the cursed +1 morningstar "Share My Abstinence" (weapon) {protect, Elem, Evo}
   (You found it on level 1 of the Lair of Beasts)

   It grants its wielder temporary protection when it strikes (+7 to AC).
   It has a curse which improves the following skills: Elements: Fire Magic, Ice
   Magic, Air Magic and Earth Magic.
   Evocations: Evocations.
 q - a +0 scimitar
 r - a +0 dagger of flaming
 D - a +2 battleaxe
 F - a +2 short sword of speed
 Q - a +2 dagger of holy wrath
 R - a +0 falchion of draining
 S - a +0 vorpal shortbow
 U - a +2 scimitar of flaming
Missiles
 b - 84 bolts
 i - 246 stones
 k - 181 arrows
 l - 34 poisoned darts
 v - 3 datura-tipped darts
 G - 45 sling bullets
 L - 4 curare-tipped darts (quivered)
Armour
 h - the cursed +3 pair of gauntlets of War (worn) {Slay+5, Range, Bglg}
   (You acquired it on level 4 of the Dungeon)

   Slay:      It affects your accuracy & damage with ranged weapons and melee
   (+5).
   It has a curse which improves the following skills: Ranged Combat: Slings,
   Bows, Crossbows and Throwing.
   Beguiling: Conjurations, Hexes and Translocations.
 o - an orb of light
 p - a +0 cloak
 I - the cursed scarf of Ashenzari's Servitude (worn) {shadows, Self, Comp}
   (You found it on level 5 of the Dungeon)

   It has a curse which improves the following skills: Introspection: Fighting
   and Spellcasting.
   Companions: Summonings and Necromancy.
 N - the cursed +0 pair of boots "Bound Together" (worn) {Bglg, Elem}
   (You found it on level 2 of the Lair of Beasts)

   It has a curse which improves the following skills: Beguiling: Conjurations,
   Hexes and Translocations.
   Elements:  Fire Magic, Ice Magic, Air Magic and Earth Magic.
 O - a +1 buckler of fire resistance
Magical Staves
 f - a staff of death
 H - a staff of cold
Jewellery
 g - the cursed ring of Curses and Power (left hand) {MP+9, Bglg, Alch}
   (You found it on level 1 of the Dungeon)

   [ring of magical power]

   MP:        It affects your magic capacity (+9).
   It has a curse which improves the following skills: Beguiling: Conjurations,
   Hexes and Translocations.
   Alchemy:   Poison Magic and Transmutations.
 j - the cursed amulet of the Enlightened Repose (around neck) {Spirit, Bglg, Elem}
   (You found it on level 1 of the Dungeon)

   [amulet of guardian spirit]

   It causes incoming damage to be divided between your reserves of health and
   magic.
   It has a curse which improves the following skills: Beguiling: Conjurations,
   Hexes and Translocations.
   Elements:  Fire Magic, Ice Magic, Air Magic and Earth Magic.
 C - the cursed ring of the Celestial Disgust (right hand) {Fly, Comp, Bglg}
   (You found it on level 9 of the Dungeon)

   [ring of flight]

   Fly:       It grants you flight.
   It has a curse which improves the following skills: Companions: Summonings
   and Necromancy.
   Beguiling: Conjurations, Hexes and Translocations.
 M - an amulet of the acrobat
 Y - a ring of fire
Wands
 s - a wand of digging (11)
 t - a wand of acid (26)
 K - a wand of mindburst (8)
 P - a wand of paralysis (4)
 T - a wand of charming (1)
 Z - a wand of iceblast (8)
Scrolls
 a - 4 scrolls of noise
 c - 8 scrolls of identify
 w - 2 scrolls of immolation
 A - a scroll of fog
 B - a scroll of silence
Potions
 d - 6 potions of curing
 n - 3 potions of haste
 u - 2 potions of attraction
 x - a potion of might
 z - 3 potions of lignification
 E - 4 potions of flight
 J - a potion of cancellation
 W - 3 potions of berserk rage
 X - 2 potions of resistance
Miscellaneous
 y - a box of beasts


   Skills:
 - Level 1.6(3.2) Fighting
 + Level 5.1(6.5) Maces & Flails
 - Level 6.0(6.9) Staves
 + Level 5.3 Dodging
 - Level 3.2 Unarmed Combat
 - Level 10.2(12.5) Spellcasting
 - Level 9.3(11.6) Transmutations
 - Level 3.6(7.5) Fire Magic
 - Level 7.4(11.9) Ice Magic


You had 2 spell levels left.
You knew the following spells:

 Your Spells              Type           Power      Damage    Failure   Level
a - Beastly Appendage     Tmut           100%       N/A       1%          1
b - Wereblood             Tmut           50%        N/A       1%          2
c - Ice Form              Ice/Tmut       50%        N/A       1%          4
d - Freeze                Ice            100%       1d11      1%          1
e - Ozocubu's Refrigerat  Ice            25%        4d10      38%         7
f - Hailstorm             Conj/Ice       32%        3d8       4%          4
g - Frozen Ramparts       Ice            100%       1d12      1%          3
h - Ozocubu's Armour      Ice            50%        N/A       1%          3
i - Yara's Violent Unrav  Hex/Tmut       16%        3d8       14%         5
j - Foxfire               Conj/Fire      100%       2x1d9     1%          1
k - Poisonous Vapours     Pois/Air       24%        N/A       9%          2

Your spell library contained the following spells:

 Spells                   Type           Power      Damage    Failure   Level
 Apportation              Tloc           28%        N/A       4%          1
 Animate Skeleton         Necr           24%        N/A       5%          1
 Summon Small Mammal      Summ           48%        N/A       5%          1
 Corpse Rot               Necr/Air       24%        N/A       8%          2
 Spider Form              Tmut/Pois      30%        N/A       1%          3
 Conjure Flame            Conj/Fire      25%        6-21      3%          3
 Inner Flame              Hex/Fire       25%        N/A       3%          3
 Flame Wave               Conj/Fire      25%        2d7       12%         4
 Tukima's Dance           Hex            14%        N/A       13%         3
 Passage of Golubria      Tloc           14%        N/A       41%         4


Dungeon Overview and Level Annotations

Branches:
Dungeon (11/15)            Temple (1/1) D:4            Lair (2/6) D:10
 Spider (0/4) Lair:2
  Swamp: Lair:2-4    Shoals: Lair:2-4       Orc: D:9-12

Altars:
Ashenzari
Cheibriados
Dithmenos
Elyvilon
Fedhas
Gozag
Hepliaklqana
Kikubaaqudgha
Makhleb
Nemelex Xobeh
Okawaru
Qazlal
Ru
Sif Muna
Trog
Uskayaw
Vehumet
Wu Jian
Xom
Yredelemnul
Zin
The Shining One

Shops:
D:4 [   D:10 *

Annotations:
D:4 1 runed translucent door, Crazy Yiuf
D:9 3 runed translucent doors, GilGalad's ghost, novice DDFi


Innate Abilities, Weirdness & Mutations

You can breathe blasts of fire.
Your fiery red scales are hard. (AC +7)
You cannot fit into any form of body armour.
Your flesh is heat resistant. (rF+)
You are cold-blooded and may be slowed by cold attacks.
You are weak. (Str -2)


Message History

Okay, then.
The blink frog closely misses you. The yak misses you. The blink frog hits you.
* * * LOW HITPOINT WARNING * * *
You miss the blink frog. You punch the blink frog!
The blink frog is moderately wounded.
The blink frog hits you!
* * * LOW HITPOINT WARNING * * *
The blink frog blinks!
The yak misses you. The blink frog closely misses you.
The yak closely misses you. The yak gores you but does no damage.
The blink frog blinks!
As you read the scroll of summoning, it crumbles to dust.
Wisps of shadow whirl around you... The blink frog hits you.
* * * LOW HITPOINT WARNING * * *
The yak gores you.
* * * LOW HITPOINT WARNING * * *
The yak gores you but does no damage. The blink frog closely misses you.
The blink frog closely misses you.
Your cane toad closely misses the blink frog.
Your cane toad stings the yak!
You swap places.
The blink frog hits you but does no damage.
The blink frog closely misses you. The yak gores your cane toad!
Your cane toad stings the blink frog!
The blink frog is poisoned.
Your cane toad poisons the blink frog!
The blink frog hits you.
* * * LOW HITPOINT WARNING * * *
The yak barely misses your cane toad.
Okay, then.
Okay, then.
Okay, then.
Okay, then.
Okay, then.
You fade into invisibility!
The blink frog blinks!
Your seven-headed hydra bites the yak! x2
Your seven-headed hydra bites the yak but does no damage.
Your seven-headed hydra closely misses the yak.
Your seven-headed hydra bites the yak but does no damage.
Your seven-headed hydra bites the yak.
Your seven-headed hydra completely misses the yak.
The blink frog hits you!
You die...

#....## ##....###
##....## ##.....##
##..<### #.....P##
##....## ##.....##
#PF..P## #......#
###...P# ##....##
#....P## ##....##
#....### #.....###
###.@F######....###
###.§F######.....##
##..YY#####.....###
##.)DF.#####....###
###....#####.....##
####...######....##
####...######....##
###....### ##....##
####...## ##....##


You could see 2 yaks, 2 blink frogs, a friendly seven-headed hydra (summoned)
and 2 friendly cane toads.

Vanquished Creatures
  Fannar (D:10)
  2 hydras (Lair:1)
  2 two-headed ogres
  Erica (D:9)
  A wizard (D:10)
  A centaur zombie (D:10)
  3 elephants (Lair:2)
  3 cane toads
  4 komodo dragons
  4 trolls
  A blink frog (Lair:2)
  A shadow (D:10)
  21 yaks
  A wyvern (Lair:2)
  3 steam dragons
  Duvessa (D:6)
  6 water moccasins
  2 orc warriors (D:7)
  2 black bears
  A sky beast (D:6)
  3 centaurs
  A phantom (D:7)
  2 kobold brigands (D:10)
  3 bullfrogs
  A scorpion (D:5)
  A wyvern skeleton (D:6)
  Dowan (D:6)
  5 killer bees (D:7)
  5 wights
  5 howler monkeys
  A crimson imp (D:10)
  4 hounds
  2 orc priests (D:7)
  A centaur skeleton (D:6)
  3 iguanas (D:5)
  2 orc wizards (D:6)
  A killer bee zombie (D:9)
  3 gnolls (D:6)
  9 adders
  A shadow imp (D:5)
  2 white imps
  An adder skeleton (D:4)
  5 dart slugs
  15 orcs
  8 ball pythons
  8 endoplasms
  A giant cockroach (D:2)
  5 goblins (D:1)
  8 hobgoblins
  8 jackals
  7 quokkas
  3 bats
  A frilled lizard (D:1)
  14 kobolds
  5 rats
206 creatures vanquished.

Vanquished Creatures (others)
  5 fungi (Lair:2)
  5 plants
10 creatures vanquished.

Grand Total: 216 creatures vanquished

Notes
Turn   | Place    | Note
-------+----------+-------------------------------------------
     0 | D:1      | croobank the Draconian Transmuter began the quest for the
                  | Orb.
     0 | D:1      | Reached XP level 1. HP: 16/16 MP: 3/3
    27 | D:1      | You fall into a shaft and drop 1 floor!
   285 | D:1      | Reached XP level 2. HP: 19/23 MP: 3/5
   310 | D:1      | Learned a level 2 spell: Wereblood
   689 | D:1      | Found a faded altar of an unknown god.
   950 | D:1      | Reached XP level 3. HP: 27/29 MP: 6/6
  1676 | D:2      | Reached skill level 1 in Ice Magic
  1785 | D:2      | Reached XP level 4. HP: 36/36 MP: 8/8
  1817 | D:2      | Found a radiant altar of Vehumet.
  1879 | D:2      | Learned a level 4 spell: Ice Form
  2311 | D:3      | Found an ancient bone altar of Kikubaaqudgha.
  2424 | D:4      | Identified a scroll of acquirement
  2424 | D:4      | Acquired the +3 pair of gauntlets of War {Slay+5}
  2424 | D:4      | Found the +3 pair of gauntlets of War {Slay+5}
  2441 | D:4      | Found an iron altar of Okawaru.
  2543 | D:4      | Noticed a bullfrog
  2550 | D:4      | Killed a bullfrog
  2551 | D:4      | Reached skill level 3 in Spellcasting
  2551 | D:4      | Reached XP level 5. HP: 41/41 MP: 9/9
  2599 | D:4      | Found a staircase to the Ecumenical Temple.
  2649 | Temple   | Entered the Ecumenical Temple
  2707 | Temple   | Became a worshipper of Ashenzari the Shackled
  2742 | D:4      | Found a glowing silver altar of Zin.
  2882 | D:4      | Found a glowing golden altar of the Shining One.
  2991 | D:4      | Found a runed translucent door.
  2992 | D:4      | Noticed Crazy Yiuf
  3103 | D:4      | Found Ibuhuu's Armour Shoppe.
  3383 | D:5      | Entered Level 5 of the Dungeon
  3412 | D:5      | Noticed a black bear
  3420 | D:5      | Killed a black bear
  3421 | D:5      | Reached XP level 6. HP: 48/48 MP: 11/11
  3482 | D:5      | Found a sparkling altar of Nemelex Xobeh.
  3482 | D:5      | Found a hazy altar of Hepliaklqana.
  3634 | D:5      | Reached skill level 4 in Spellcasting
  3672 | D:5      | Reached * piety under Ashenzari
  3810 | D:5      | Your scales start taking on a fiery red colour.
  3810 | D:5      | Reached XP level 7. HP: 41/53 MP: 13/13
  3810 | D:5      | Gained mutation: Your flesh is heat resistant. (rF+) [Red
                  | Draconian growth]
  4131 | D:5      | Reached ** piety under Ashenzari
  4346 | D:6      | Noticed Duvessa
  4346 | D:6      | Noticed Dowan
  4357 | D:6      | Killed Duvessa
  4358 | D:6      | Reached skill level 5 in Transmutations
  4359 | D:6      | Killed Dowan
  4549 | D:6      | Reached skill level 5 in Spellcasting
  4559 | D:6      | Found a radiant altar of Vehumet.
  4562 | D:6      | Reached *** piety under Ashenzari
  4703 | D:6      | Learned a level 1 spell: Freeze
  4711 | D:6      | Learned a level 7 spell: Ozocubu's Refrigeration
  4911 | D:6      | Reached XP level 8. HP: 61/62 MP: 18/18
  5830 | D:7      | Reached skill level 6 in Spellcasting
  5831 | D:7      | Reached skill level 5 in Ice Magic
  6023 | D:7      | Reached **** piety under Ashenzari
  6439 | D:8      | Reached XP level 9. HP: 38/69 MP: 21/21
  6758 | D:8      | Noticed a two-headed ogre
  6811 | D:8      | Killed a two-headed ogre
  6812 | D:8      | Reached skill level 7 in Spellcasting
  7250 | D:8      | Found a blossoming altar of Fedhas.
  7649 | D:9      | Noticed GilGalad's ghost (novice DDFi)
  7651 | D:9      | Noticed a purple ugly thing
  7653 | D:9      | Noticed a two-headed ogre
  7653 | D:9      | Noticed a centaur warrior
  7681 | D:9      | Found a runed translucent gate.
  7682 | D:9      | Found a runed translucent gate.
  7683 | D:9      | Found a runed translucent gate.
  7721 | D:9      | Learned a level 4 spell: Hailstorm
  7964 | D:9      | Noticed a troll
  7975 | D:9      | Killed a troll
  8018 | D:9      | Identified the cursed +0 quarterstaff of Ashenzari's
                  | Visionary {Comp, Evo} (You found it on level 2 of the
                  | Dungeon)
  8018 | D:9      | Identified the cursed scarf of Ashenzari's Servitude
                  | {shadows, Self, Comp} (You found it on level 5 of the
                  | Dungeon)
  8032 | D:9      | Noticed Erica
  8045 | D:9      | Killed Erica
  8046 | D:9      | Reached XP level 10. HP: 23/77 MP: 13/24
  8616 | D:10     | Entered Level 10 of the Dungeon
  8616 | D:10     | Noticed a two-headed ogre
  8629 | D:10     | Killed a two-headed ogre
  8630 | D:10     | Reached skill level 8 in Spellcasting
  8952 | D:10     | Learned a level 3 spell: Frozen Ramparts
  8956 | D:10     | Learned a level 3 spell: Ozocubu's Armour
  9096 | D:10     | Reached ***** piety under Ashenzari
  9148 | D:10     | Reached skill level 1 in Staves
  9220 | D:10     | Found Iwexap Meomp's General Store.
  9327 | D:10     | Reached skill level 9 in Spellcasting
  9391 | D:10     | Learned a level 5 spell: Yara's Violent Unravelling
  9475 | D:10     | Noticed Fannar
  9488 | D:10     | Gained mutation: You are weak. (Str -2) [you]
  9488 | D:10     | Killed Fannar
  9705 | D:10     | Reached XP level 11. HP: 42/82 MP: 17/26
  9820 | D:10     | Noticed a wizard
  9908 | D:10     | Killed a wizard
  9919 | D:10     | Reached skill level 5 in Staves
 10274 | D:10     | Found a staircase to the Lair.
 10339 | Lair:1   | Entered Level 1 of the Lair of Beasts
 10406 | Lair:1   | Reached skill level 1 in Fire Magic
 10697 | Lair:1   | Reached skill level 10 in Spellcasting
 10899 | Lair:1   | Noticed a seven-headed hydra
 10911 | Lair:1   | Killed a seven-headed hydra
 11027 | Lair:1   | Noticed a seven-headed hydra
 11042 | Lair:1   | Killed a seven-headed hydra
 11356 | Lair:1   | Learned a level 1 spell: Foxfire
 11359 | Lair:1   | Learned a level 2 spell: Poisonous Vapours
 11422 | Lair:1   | Reached skill level 1 in Maces & Flails
 12449 | Lair:2   | Found a hole to the Spider Nest.
 13314 | Lair:2   | Reached skill level 5 in Dodging
 13644 | Lair:2   | Reached skill level 5 in Maces & Flails
 13660 | Lair:2   | Slain by a blink frog

Illustrated notes

Levels and vault maps discovered:
D:1:      lemuel_arrival_broad_hall, layout_loops_ring,
          hellmonk_ecumenical_altar_inner_sanctum
D:2:      layout_loops_corners, basic_altar, guppyfry_early_lair_pool
D:3:      layout_rooms, lemuel_coloured_pillars_altar
D:4:      layout_gridville, overflow_temple_1_default, kennysheep_little_box,
          overflow_temple_1_default, minmay_temple_entry_butterflies,
          serial_shops, nicolae_shop_hallway_plus, minmay_misc_feat_x,
          minmay_crystal_water, uniq_crazy_yiuf_cottage
D:5:      layout_cave_pools, jmf_multi_god_temple, grunt_ministairs_11
D:6:      layout_gridville, lemuel_crystal_altar, nicolae_figureground_sparkle,
          uniq_duvessa
D:7:      layout_loops_ring, grunt_decor_fettered,
          ebering_dispersal_statue_hall, grunt_decor_mini_mirrors
D:8:      layout_cave_pools, mainiacjoe_overflow_tiny_flanked
D:9:      layout_irregular_city, gammafunk_ghost_split, uniq_erica
D:10:     layout_irregular_city, lair_entry_dummy, nicolae_stop_n_shop_2,
          dk_vineyard_2, kennysheep_cross_room, lightli_wizard_tower,
          uniq_fannar
D:11:     layout_cave_pods, kennysheep_vampire_church
Temple:   eino_temple_lava
Lair:1:   layout_roguey, serial_bayou_shore_b
Lair:2:   layout_cellular_growth, dummy_spider_entry

Skill      XL: |  1  2  3  4  5  6  7  8  9 10 11 |
---------------+----------------------------------+-----
Dodging        | 2 5 |  5.3
Ice Magic      | 1 2 3 4 5 6 7 |  7.4
Transmutations | 3 4 5 7 8 9 |  9.3
Spellcasting   | 3 4 5 6 7 9 10 | 10.2
Staves         | 4 6 |  6.0
Fire Magic     | 3 |  3.6
Maces & Flails | 5 |  5.1
Fighting       | |  1.6
Unarmed Combat | |  3.2

Action                   |  1- 3 |  4- 6 |  7- 9 | 10-12 || total
-------------------------+-------+-------+-------+-------++-------
Melee: Unarmed           |    12 |       |     8 |       ||    20
       Quarterstaff      |    83 |    70 |   162 |   154 ||   469
       Kick              |    15 |    24 |    35 |    50 ||   124
       Headbutt          |     6 |    12 |    34 |    41 ||    93
       Tailslap          |     6 |     5 |    27 |    58 ||    96
       Morningstar       |       |       |       |   143 ||   143
       Punch             |       |       |       |     4 ||     4
Throw: Dart              |       |       |     8 |     7 ||    15
 Cast: Beastly Appendage |    34 |    22 |    17 |    15 ||    88
       Wereblood         |     3 |     8 |    10 |     5 ||    26
       Freeze            |       |       |     1 |       ||     1
       Ice Form          |       |       |     1 |       ||     1
       Hailstorm         |       |       |       |     6 ||     6
       Yara's Violent Un |       |       |       |     1 ||     1
Invok: Curse Item        |       |     1 |     4 |     3 ||     8
       Shatter the Chain |       |       |       |     1 ||     1
 Abil: Breathe Fire      |       |       |    16 |    30 ||    46
Evoke: Wand              |       |       |       |     6 ||     6
  Use: Scroll            |       |     3 |     6 |     4 ||    13
       Potion            |       |       |     7 |     2 ||     9
 Stab: Sleeping          |       |     1 |       |       ||     1
       Paralysed         |       |       |       |     5 ||     5
Armor: Skin              |    37 |    35 |    99 |   218 ||   389
Dodge: Dodged            |    64 |    50 |   189 |   291 ||   594
